 Dungeon Crawl Stone Soup version 0.28.0-47-ge53b351184 (webtiles) character file.

Game seed: 7748184451016664944

1779 Iusername the Skirmisher (level 8, -1/74 HPs)
             Began as a Minotaur Fighter on May 6, 2022.
             Slain by a wyvern zombie (7 damage)
             ... on level 6 of the Dungeon.
             The game lasted 00:15:32 (5730 turns).

Iusername the Skirmisher (Minotaur Fighter)         Turns: 5730, Time: 00:15:32

Health: -1/74      AC: 17    Str: 23    XL:     8   Next: 81%
Magic:  7/7        EV:  6    Int:  2    God:
Gold:   1687       SH:  5    Dex: 10    Spells: 7/7 levels left

rFire   + . .      SeeInvis .   a - +1 trident (elec)
rCold   . . .      Faith    .   c - +0 buckler
rNeg    . . .      Spirit   .   q - +3 plate armour {rF+}
rPois   .          Reflect  .   (helmet restricted)
rElec   .          Harm     .   u - +0 cloak
rCorr   .          Rampage  .   (no gloves)
Will    +++..      Rage     50% (no boots)
Stlth   ..........              n - necklace of Bloodlust {*Rage Will++ Int-3 Slay+6}
HPRegen 0.22/turn               m - ring of flight
MPRegen 0.10/turn               p - ring of willpower

@: on berserk cooldown, flying
A: horns 2, retaliatory headbutt
a: no special abilities


You were on level 6 of the Dungeon.
You visited 1 branch of the dungeon, and saw 6 of its levels.

You collected 1687 gold pieces.

Inventory:

Hand Weapons
 a - a +1 trident of electrocution (weapon)
Missiles
 e - a javelin (quivered)
Armour
 c - a +0 buckler (worn)
 q - a +3 plate armour of fire resistance (worn)
 u - a +0 cloak (worn)
Jewellery
 f - an amulet of the acrobat
 m - a ring of flight (left hand)
 n - the necklace of Bloodlust (around neck) {*Rage Will++ Int-3 Slay+6}
   (You found it on level 2 of the Dungeon)

   [amulet of nothing]

   It extends the wearer's berserk rage when killing foes.
   Int:       It affects your intelligence (-3).
   Slay:      It affects your accuracy & damage with ranged weapons and melee
   (+6).
   *Rage:     It berserks you when you make melee attacks (+50% chance).
   Will:      It greatly increases your willpower.
 p - a ring of willpower (right hand)
 t - a ring of positive energy
Wands
 d - a wand of digging (6)
 x - a wand of flame (16)
Scrolls
 j - 2 scrolls of teleportation
 k - 2 scrolls of amnesia
Potions
 b - 2 potions of brilliance {unknown}
 i - 2 potions of resistance {unknown}
 l - a potion of attraction {unknown}
 r - 2 potions of degeneration {unknown}
 s - a potion of mutation {unknown}
 z - a potion of ambrosia {unknown}


   Skills:
 + Level 7.7 Fighting
 + Level 7.1 Polearms
 + Level 7.7 Armour
 + Level 7.7 Shields


You had 7 spell levels left.
You didn't know any spells.
Your spell library contained the following spells:

 Spells                   Type           Power      Damage    Failure   Level
 Magic Dart               Conj           0%         1d3       100%        1
 Call Imp                 Summ           0%         N/A       100%        2
 Mephitic Cloud           Conj/Pois/Air  0%         N/A       100%        3


Dungeon Overview and Level Annotations

Branches:
Dungeon (6/15)
 Temple: D:4-7

Altars:
Cheibriados
Yredelemnul

Portals:
Sewer: D:6


Innate Abilities, Weirdness & Mutations

You have a pair of horns on your head.
You reflexively headbutt those who attack you in melee.


Message History

The wyvern zombie bites you! The adder bites you but does no damage.
A wyvern skeleton comes into view.
The bullfrog hits you but does no damage.
You hit the bullfrog.
The bullfrog is lightly wounded.
The wyvern zombie bites you!
* * * LOW HITPOINT WARNING * * *
The adder bites you.
* * * LOW HITPOINT WARNING * * *
You are poisoned.
The adder poisons you! The iguana barely misses you.
The bullfrog hits you but does no damage.
The wyvern zombie bites you.
* * * LOW HITPOINT WARNING * * *
The adder bites you.
* * * LOW HITPOINT WARNING * * *
You feel better.
The bullfrog hits you but does no damage.
You block the wyvern skeleton's attack. The iguana barely misses you.
You furiously retaliate!
You headbutt the iguana!
You kill the iguana!
A sky beast comes into view.
The wyvern zombie bites you but does no damage.
The adder bites you but does no damage. The bullfrog hits you.
* * * LOW HITPOINT WARNING * * *
The wyvern skeleton bites you!
* * * LOW HITPOINT WARNING * * *
You feel better. The orc hits you but does no damage.
You block the bullfrog's attack.
The wyvern zombie bites you but does no damage.
The adder barely misses you. You furiously retaliate!
You headbutt the adder.
The sky beast flickers out of sight!
Deactivating autopickup; reactivate with Ctrl-A.
The wyvern skeleton bites you!
* * * LOW HITPOINT WARNING * * *
There are monsters nearby!
You feel better. The bullfrog hits you.
* * * LOW HITPOINT WARNING * * *
The wyvern zombie bites you!
You die...

#?# #$# ...# .# .#... ..... ..
...... #...# . #...#. .
#...#/#...#.#..
...#...#D..#...#
......ZSoc......
#<##..#@F##..# #.#...Z......#
# ##.#.#.....#### .##
##.#####......#....## ..###
..........#..#..##..#### #....
#####†.......###.....#####....
#........#.### #.......)......
#....##.##...##
####...###..... ...#
##.###...# ###.# ##....


You could see a steam dragon, a bullfrog, a centaur, an adder, an orc, a wyvern
zombie and a wyvern skeleton.

Vanquished Creatures
  A steam dragon (D:5)
  A water moccasin (D:6)
  Duvessa (D:4)
  A sky beast (D:6)
  A necrophage (D:5)
  2 centaurs
  A scorpion (D:4)
  A water moccasin zombie (D:5)
  A water moccasin skeleton (D:4)
  Dowan (D:4)
  A howler monkey (D:5)
  A centaur zombie (D:6)
  4 hounds
  An orc priest (D:3)
  3 bullfrog skeletons
  A centaur skeleton (D:6)
  Jessica (D:3)
  5 iguanas
  Terence (D:3)
  A scorpion zombie (D:5)
  Natasha (thrice) (D:4)
  An orc wizard (D:3)
  2 hound zombies (D:5)
  A hound skeleton (D:4)
  4 gnolls
  7 adders
  A white imp (D:6)
  An ufetubus (D:5)
  An adder skeleton (D:4)
  2 worms
  2 dart slugs (D:4)
  11 orcs
  7 bats
  6 endoplasms
  8 giant cockroaches
  10 goblins
  5 hobgoblins
  4 jackals
  5 quokkas
  12 ball pythons
  3 frilled lizards
  6 kobolds
  4 rats
136 creatures vanquished.

Notes
Turn   | Place    | Note
-------+----------+-------------------------------------------
     0 | D:1      | Iusername the Minotaur Fighter began the quest for the Orb.
     0 | D:1      | Reached XP level 1. HP: 19/19 MP: 0/0
   160 | D:1      | Reached XP level 2. HP: 27/27 MP: 1/1
   499 | D:1      | Reached XP level 3. HP: 33/33 MP: 2/2
   903 | D:2      | Found a basalt altar of Yredelemnul.
  1029 | D:2      | Found a faded altar of an unknown god.
  1100 | D:2      | Reached XP level 4. HP: 40/40 MP: 3/3
  1292 | D:2      | Found the necklace of Bloodlust {*Rage Will++ Int-3 Slay+6}
  1521 | D:3      | Reached XP level 5. HP: 28/47 MP: 4/4
  2008 | D:3      | Noticed Terence
  2012 | D:3      | Killed Terence
  2635 | D:3      | Noticed Jessica
  2639 | D:3      | Killed Jessica
  2750 | D:4      | Noticed Natasha
  2757 | D:4      | Killed Natasha
  2758 | D:4      | Reached skill level 5 in Fighting
  2758 | D:4      | Reached skill level 5 in Armour
  2758 | D:4      | Reached skill level 5 in Shields
  2789 | D:4      | Noticed Dowan
  2791 | D:4      | Noticed Duvessa
  2794 | D:4      | Killed Dowan
  2795 | D:4      | Reached XP level 6. HP: 43/56 MP: 5/5
  2801 | D:4      | Killed Duvessa
  2927 | D:4      | Noticed Natasha
  2946 | D:4      | Killed Natasha
  3215 | D:4      | Reached skill level 5 in Polearms
  3215 | D:4      | Reached XP level 7. HP: 39/62 MP: 6/6
  3289 | D:4      | Noticed Natasha
  3293 | D:4      | Killed Natasha
  3454 | D:4      | Identified 2 scrolls of acquirement
  3455 | D:4      | Acquired 972 gold pieces
  3459 | D:4      | Acquired 471 gold pieces
  3507 | D:4      | Identified the +4 dagger "Soed" {antimagic, rC+}
  3928 | D:5      | Entered Level 5 of the Dungeon
  4451 | D:5      | Noticed a steam dragon
  4455 | D:5      | Killed a steam dragon
  4477 | D:5      | Reached XP level 8. HP: 59/71 MP: 7/7
  5159 | D:5      | Found a snail-covered altar of Cheibriados.
  5606 | D:6      | Found a glowing drain.
  5729 | D:6      | HP: 3/74 [wyvern skeleton (9)]
  5730 | D:6      | Slain by a wyvern zombie

Illustrated notes

Levels and vault maps discovered:
D:1:      scummos_arrival_star, layout_loops_cross, nicolae_figureground_sparkle
D:2:      layout_rooms, dreamdust_ecumenical_altar_grove, basic_altar
D:3:      layout_basic, uniq_jessica, uniq_terence
D:4:      layout_basic, uniq_duvessa, uniq_natasha
D:5:      minmay_bubble_buster, layout_basic, mainiacjoe_overflow_tiny_flanked,
          amcnicky_mini_rare_corridor_liquid, chequers_arboretum
D:6:      cheibrodos_fzero, layout_rooms, minmay_temple_entry_crystal_x,
          portal_sewer_entry_f

Skill      XL: |  1  2  3  4  5  6  7  8 |
---------------+-------------------------+-----
Shields        | 4 5 6 7 |  7.7
Fighting       | 4 5 6 7 |  7.7
Armour         | 4 5 6 7 |  7.7
Polearms       | 3 4 5 6 7 |  7.1

Action                   |  1- 3 |  4- 6 |  7- 9 || total
-------------------------+-------+-------+-------++-------
Melee: Trident           |   109 |    87 |   103 ||   299
       Headbutt          |    11 |    15 |    12 ||    38
Throw: Javelin           |       |       |    12 ||    12
  Use: Scroll            |       |       |    12 ||    12
       Potion            |       |       |     4 ||     4
Armor: Scale mail        |    41 |    10 |       ||    51
       Plate armour      |       |    23 |    97 ||   120
Dodge: Dodged            |    40 |    34 |    39 ||   113
Block: Buckler           |    21 |    10 |    29 ||    60
